 Dungeon Crawl Stone Soup version 0.20.1-1-g8b1a95d (webtiles) character file.

116 gungr the Insei (level 5, -1/33 HPs)
             Began as an Octopode Transmuter on Oct 24, 2017.
             Slain by a worker ant (3 damage)
             ... on level 3 of the Dungeon.
             The game lasted 00:06:15 (2703 turns).

gungr the Insei (Octopode Transmuter)               Turns: 2703, Time: 00:06:15

Health: -1/33      AC:  1    Str: 14    XL:     5   Next: 1%
Magic:  8/8        EV: 13    Int: 17    God:
Gold:   108        SH:  0    Dex: 12    Spells: 4/8 levels left

rFire    . . .     SeeInvis .     - Unarmed
rCold    . . .     Gourm    .   (no shield)
rNeg     . . .     Faith    .   (helmet restricted)
rPois    .         Spirit   .   m - amulet of harm
rElec    .         Reflect  .   g - ring of resist corrosion
rCorr    +         Harm     +   (no ring)
MR       .....                  (no ring)
Stlth    ++........             (no ring)
Regen    0.2/turn               (no ring)
MPRegen  0.2/turn               (no ring)
                                (no ring)
                                (no ring)

@: mighty, lethally poisoned (-1 -> -11)
A: almost no armour, stealthy swim, amphibious, 8 rings, constrict 8, camouflage
1, gelatinous body 1
a: no special abilities


You were on level 3 of the Dungeon.
You were not hungry.

You visited 1 branch of the dungeon, and saw 3 of its levels.

You collected 108 gold pieces.

Inventory:

Missiles
 a - 12 arrows
Jewellery
 g - a ring of resist corrosion (left tentacle)
 m - an amulet of harm (around mantle)
Wands
 p - a wand of lightning (0/15)
Scrolls
 e - 2 scrolls of remove curse {unknown}
 f - a scroll of blinking {unknown}
 h - a scroll of fear {unknown}
 i - a scroll of amnesia {unknown}
 j - a scroll of identify {unknown}
 o - a scroll of teleportation {unknown}
Potions
 n - a potion of curing {unknown}
Books
 b - a book of Changes

   Spells                             Type                      Level
   a - Beastly Appendage              Transmutation                1
   b - Sticks to Snakes               Transmutation                2
   c - Spider Form                    Transmutation/Poison         3
   d - Ice Form                       Ice/Transmutation            4
   e - Blade Hands                    Transmutation                5
Comestibles
 c - 2 bread rations
 d - 2 royal jellies


   Skills:
 + Level 1.2 Fighting
 - Level 2.0 Dodging
 * Level 5.3 Unarmed Combat
 + Level 2.1 Spellcasting
 + Level 2.1 Transmutations


You had 4 spell levels left.
You knew the following spells:

 Your Spells              Type           Power        Failure   Level  Hunger
a - Beastly Appendage     Tmut           #.....       8%          1    #......
b - Spider Form           Tmut/Pois      #.........   36%         3    ###....


Dungeon Overview and Level Annotations

Branches:
Dungeon (3/15)

Altars:


Innate Abilities, Weirdness & Mutations

You cannot wear most types of armour.
You are very stealthy in the water. (Stealth+)
You are amphibious.
You can wear up to eight rings at the same time.
You can use your tentacles to constrict eight enemies at once.
Your skin changes colour to match your surroundings (Stealth+).
Your rubbery body absorbs attacks. (AC +1, EV +1)


Message History

You kill the adder!
The bolt of lightning misses the worker ant.
The bolt of lightning hits the worm.
You kill the worm!
You have reached level 5!
You feel clever.
The bolt of lightning hits the hobgoblin.
You kill the hobgoblin!
Evoking this partially-identified wand wasted a few charges.
* * * LOW HITPOINT WARNING * * *
You feel sick.
You hear a shout!
It was a potion of might.
You feel very mighty all of a sudden.
Your tentacle spike disappears.
* * * LOW HITPOINT WARNING * * *
You feel sick. The worker ant misses you.
It was a potion of magic.
Magic courses through your body.
* * * LOW HITPOINT WARNING * * *
You feel sick. The worker ant bites you.
You die...

#####..........#
######.>..........###
#......###.......<#
.####†...........# ..
##.###........# ..#
.#..###.......... ...
................#
.S.#######..#####..
#.######@........
#.......a........
###.............. #.
###..†#......... #.#
##....)#......... #..#
#<.#...#......... ..
#..##..#.)....#..####
..###...$..#.#†..###...
.............#...#.$.#.


You could see a worker ant.

Vanquished Creatures
  4 adders
  2 oozes (D:1)
  3 worms
  A dart slug (D:3)
  A ball python (D:3)
  5 bats
  4 giant cockroaches
  10 goblins
  6 hobgoblins
  9 jackals
  4 kobolds
  2 quokkas (D:2)
  2 frilled lizards
  3 rats
56 creatures vanquished.

Notes
Turn   | Place    | Note
-------+----------+-------------------------------------------
     0 | D:1      | gungr the Octopode Transmuter began the quest for the Orb.
     0 | D:1      | Reached XP level 1. HP: 13/13 MP: 3/3
    79 | D:1      | Reached XP level 2. HP: 8/18 MP: 5/5
   500 | D:1      | Reached skill level 4 in Unarmed Combat
   941 | D:1      | Reached XP level 3. HP: 23/23 MP: 6/6
   946 | D:1      | Learned a level 3 spell: Spider Form
  1824 | D:2      | Reached XP level 4. HP: 9/28 MP: 7/7
  2229 | D:2      | Reached skill level 5 in Unarmed Combat
  2672 | D:3      | Noticed a phantom
  2701 | D:3      | Reached XP level 5. HP: 5/33 MP: 8/8
  2703 | D:3      | Slain by a worker ant

Skill      XL: |  1  2  3  4 |
---------------+-------------+-----
Unarmed Combat | 4 5 |  5.3
Fighting       | |  1.2
Dodging        | |  2.0
Spellcasting   | |  2.1
Transmutations | |  2.1

Action                   |  1- 3 |  4- 6 || total
-------------------------+-------+-------++-------
Melee: Unarmed           |    92 |    42 ||   134
       Constrict         |    24 |    11 ||    35
       Tentacles         |    13 |     3 ||    16
       Punch             |     1 |       ||     1
 Cast: Beastly Appendage |       |     1 ||     1
Evoke: Wand              |       |     2 ||     2
  Use: Potion            |       |     2 ||     2
 Stab: Distracted        |     1 |       ||     1
       Sleeping          |     4 |     4 ||     8
  Eat: Bread ration      |     1 |     1 ||     2
Armor: Skin              |    10 |     2 ||    12
Dodge: Dodged            |    65 |    30 ||    95
